 Dungeon Crawl Stone Soup version 0.25-a0-578-gc91f01c39c (webtiles) character file.

Game seed: 12998836482518663926, levelgen mode: deterministic

6557 Flugslaktarn the Cleaver (level 10, -1/94 HPs)
             Began as a Deep Dwarf Fighter on Mar 4, 2020.
             Was a Priest of Makhleb.
             Slain by an orc warrior
             ... wielding a +0 short sword
              (16 damage)
             ... while paralysed by an orc sorcerer
             ... on level 2 of the Orcish Mines.
             The game lasted 00:05:15 (6745 turns).

Flugslaktarn the Cleaver (Deep Dwarf Fighter)       Turns: 6745, Time: 00:05:16

Health: -1/94      AC: 13    Str: 22 (23) XL:     10   Next: 70%
Magic:  4/4        EV:  2    Int: 11      God:    Makhleb [***...]
Gold:   1427       SH:  0    Dex: 14      Spells: 9/9 levels left

rFire    + . .     SeeInvis .   p - +3 hand axe (flame)
rCold    + . .     Gourm    .   c - +0 kite shield
rNeg     . . .     Faith    +   j - +0 plate armour
rPois    .         Spirit   .   O - -2 hat "Pufocwu" {Regen+ Dex+2}
rElec    .         Reflect  .   o - +0 cloak
rCorr    .         Harm     .   (no gloves)
MR       +....                  (no boots)
Stlth    ..........             L - amulet of faith
HPRegen  0.00/turn              f - ring of protection from fire
MPRegen  0.09/turn              (no ring)

@: paralysed, non-regenerating
A: damage resistance, heal wounds, clever 1, cold resistance 1, deterioration 1,
sense surroundings 2, MP-powered wands, no regeneration
a: Heal Wounds, Minor Destruction, Lesser Servant of Makhleb, Renounce Religion


You were on level 2 of the Orcish Mines.
You worshipped Makhleb.
Makhleb was most pleased with you.
You were hungry.

You visited 3 branches of the dungeon, and saw 12 of its levels.
You also visited: Ossuary.

You collected 1427 gold pieces.

Inventory:

Hand Weapons
 a - a +0 war axe
 p - a +3 hand axe of flaming (weapon)
   (You found it on level 3 of the Dungeon)
Missiles
 k - 3 throwing nets (quivered)
Armour
 b - a +0 scale mail
 c - a +0 kite shield (worn)
 j - a +0 plate armour (worn)
   (You found it on level 1 of the Dungeon)
 o - a +0 cloak (worn)
   (You took it off Crazy Yiuf on level 2 of the Dungeon)
 O - the -2 hat "Pufocwu" (worn) {Regen+ Dex+2}
   (You found it on level 9 of the Dungeon)

   It affects your dexterity (+2).
   It increases your rate of regeneration.
   If you remove this armour, your AC will increase by 2 (13 -> 15).
 P - a +1 hat
   (You found it on level 9 of the Dungeon)
Jewellery
 f - a ring of protection from fire (left hand)
   (You found it in an ossuary)
 D - an uncursed amulet of guardian spirit {unknown}
   (You found it on level 6 of the Dungeon)
 L - an amulet of faith (around neck)
   (You found it on level 1 of the Dungeon)
Wands
 C - a wand of iceblast (10)
   (You took it off Ijyb on level 5 of the Dungeon)
 N - a wand of enslavement (21)
   (You took it off an orc on level 9 of the Dungeon)
Scrolls
 m - 2 scrolls of fear
 t - 4 scrolls of teleportation
 x - 7 scrolls of remove curse
 y - a scroll of enchant weapon
 z - a scroll of blinking
 B - a scroll of immolation
 E - a scroll of amnesia
 F - a scroll of fog
 H - a scroll of vulnerability
Potions
 d - 2 potions of might
 g - a potion of cancellation
 h - 5 potions of haste
 i - 7 potions of lignification
 l - 6 potions of curing
 n - a potion of resistance
 s - 2 potions of invisibility
 u - 5 potions of flight
 v - a potion of stabbing
 w - 2 potions of heal wounds
 G - a potion of mutation
 K - a potion of ambrosia
Comestibles
 e - 10 rations
 q - 9 chunks of flesh


   Skills:
 + Level 7.0 Fighting
 * Level 11.2 Axes
 + Level 8.5 Armour
 + Level 8.5 Shields
 + Level 4.5 Invocations


You had 9 spell levels left.
You didn't know any spells.
Your spell library was empty.

Dungeon Overview and Level Annotations

Branches:
Dungeon (9/15)             Temple (1/1) D:7             Orc (2/2) D:9
Ossuary (visited)
   Lair: D:8-11         Elf: Orc:2

Altars:
Ashenzari
Cheibriados
Dithmenos
Elyvilon
Fedhas
Gozag
Hepliaklqana
Kikubaaqudgha
Makhleb
Nemelex Xobeh
Okawaru
Qazlal
Ru
Sif Muna
Trog
Uskayaw
Vehumet
Wu Jian
Xom
Yredelemnul
Zin
The Shining One

Annotations:
D:7 2 transporters, Flugslaktarn's ghost, novice MiFi


Innate Abilities, Weirdness & Mutations

You are resistant to damage.
You can heal yourself by infusing magical energy.
You passively map the area around you.
You do not regenerate.
Your mind is acute. (Int +2)
Your flesh is cold resistant. (rC+)
Your body sometimes deteriorates upon taking damage.
You expend magic power (3 MP) to strengthen your wands.


Message History

You hit the orc. You burn the orc. You block the orc warrior's attack.
You slash the orc warrior! You burn the orc warrior.
You kill the orc warrior!
Makhleb accepts your kill.
You feel better.
You slash the orc! You burn the orc.
You kill the orc!
Makhleb accepts your kill.
You can now summon a lesser servant of Makhleb.
You hit the orc warrior. You burn the orc warrior. You hit the orc sorcerer.
You burn the orc sorcerer.
The orc sorcerer gestures at you while chanting.
You suddenly lose the ability to move!
The orc hits you from afar with a +0 trident!
The orc warrior hits you with a +0 short sword!
* * * LOW HITPOINT WARNING * * *
The orc sorcerer hits you but does no damage.
The orc hits you from afar with a +0 trident.
* * * LOW HITPOINT WARNING * * *
The orc warrior hits you with a +0 short sword!!
You die...

* ##............##
...#............##
.................#
...#.............#
* ,
#................#
*
*#.....$o.....<...#
#....o.o........##
* *,
#.....oo).......# ,
......)@...o.....#
,
#...#.).........##
*
.................#
................##
,,
...............## ,
, .......#.#.#....*
,,##.........##...
, #.....,.... #.,
**


You could see an orc knight, an orc sorcerer, 2 orc warriors, an orc wizard and
an orc.

Vanquished Creatures
  Pikel (D:6)
  A deep elf mage (D:9)
  Grinder (D:3)
  A hornet (D:9)
  A spriggan (D:9)
  Eustachio (D:5)
  Edmund (D:6)
  Menkaure (D:6)
  A water moccasin (D:9)
  A swamp drake (D:9)
  3 slaves (D:6)
  6 orc warriors
  A phantom (D:9)
  7 ogres
  6 centaurs
  4 bullfrogs (D:7)
  A gnoll sergeant (D:9)
  5 scorpions
  A howler monkey (D:5)
  7 crimson imps
  A centaur zombie (Ossuary)
  4 bullfrog zombies
  3 hounds (D:6)
  Crazy Yiuf (D:2)
  3 bullfrog skeletons
  A gnoll shaman (D:9)
  6 orc priests
  An iron imp (D:9)
  13 orc wizards
  Ijyb (D:5)
  An iguana (D:9)
  7 worker ants
  Natasha (D:4)
  A killer bee zombie (Ossuary)
  A hound zombie (Ossuary)
  A howler monkey zombie (Ossuary)
  11 mummies (Ossuary)
  2 worker ant zombies
  4 adders
  8 gnolls (D:9)
  A shadow imp (D:9)
  A white imp (D:9)
  An ooze (D:1)
  3 adder zombies
  2 adder skeletons (D:8)
  2 leopard geckos
  41 orcs
  A ball python (D:1)
  10 bats
  6 giant cockroaches
  3 goblins
  5 hobgoblins
  3 jackals (D:3)
  6 quokkas
  3 frilled lizards
  2 giant cockroach zombies (Ossuary)
  5 kobolds
  A leopard gecko skeleton (D:6)
  A leopard gecko zombie (Ossuary)
  A quokka skeleton (D:4)
  A quokka zombie (Ossuary)
  7 rats
228 creatures vanquished.

Vanquished Creatures (others)
  A deep elf mage (D:9)
  A withered plant (Ossuary)
2 creatures vanquished.

Grand Total: 230 creatures vanquished

Notes
Turn   | Place    | Note
-------+----------+-------------------------------------------
     0 | D:1      | Flugslaktarn the Deep Dwarf Fighter began the quest for the
                  | Orb.
     0 | D:1      | Reached XP level 1. HP: 20/20 MP: 1/1
   127 | D:1      | Reached XP level 2. HP: 22/27 MP: 2/2
   361 | D:2      | Reached skill level 3 in Axes
   361 | D:2      | Reached XP level 3. HP: 26/34 MP: 3/3
   912 | D:2      | Found a runed translucent door.
   913 | D:2      | Noticed Crazy Yiuf
   978 | D:2      | Killed Crazy Yiuf
  1025 | D:3      | Noticed a scorpion
  1028 | D:3      | Noticed Grinder
  1033 | D:3      | Reached XP level 4. HP: 30/42 MP: 4/4
  1052 | D:3      | Paralysed by Grinder for 7 turns
  1080 | D:3      | Killed Grinder
  1080 | D:3      | Reached skill level 4 in Axes
  1080 | D:3      | Reached XP level 5. HP: 26/50 MP: 5/5
  1080 | D:3      | Reached XP level 6. HP: 29/57 MP: 6/6
  1289 | D:4      | Reached skill level 5 in Axes
  1726 | D:4      | Noticed Natasha
  1729 | D:4      | Killed Natasha
  1930 | D:5      | Entered Level 5 of the Dungeon
  1958 | D:5      | Found an iron altar of Okawaru.
  1970 | D:5      | Reached XP level 7. HP: 53/64 MP: 6/6
  2045 | D:5      | Noticed Ijyb
  2063 | D:5      | Killed Ijyb
  2063 | D:5      | Reached skill level 5 in Armour
  2063 | D:5      | Reached skill level 5 in Shields
  2068 | D:5      | Reached skill level 6 in Axes
  2120 | D:5      | Noticed Eustachio
  2185 | D:5      | Killed Eustachio
  2412 | D:6      | Reached XP level 8. HP: 51/73 MP: 6/6
  2484 | D:6      | Gained mutation: You expend magic power (3 MP) to
                  | strengthen your wands. [potion of mutation]
  2484 | D:6      | Gained mutation: Your flesh is cold resistant. (rC+)
                  | [potion of mutation]
  2484 | D:6      | Gained mutation: Your body sometimes deteriorates upon
                  | taking damage. [potion of mutation]
  2484 | D:6      | Gained mutation: Your mind is acute. (Int +2) [potion of
                  | mutation]
  2550 | D:6      | Reached skill level 7 in Axes
  2625 | D:6      | Noticed Pikel
  2659 | D:6      | Killed Pikel
  2659 | D:6      | Reached skill level 5 in Fighting
  2678 | D:6      | Reached skill level 8 in Axes
  2729 | D:6      | You fall into a shaft and drop 2 floors!
  2772 | D:8      | Found a sand-covered staircase.
  2777 | Ossuary  | Entered an ossuary
  2872 | Ossuary  | Gained mutation: You passively map the area around you.
                  | [Deep Dwarf growth]
  2872 | Ossuary  | Reached XP level 9. HP: 75/81 MP: 7/7
  3594 | D:8      | Found a shadowy altar of Dithmenos.
  3967 | D:7      | Found a bloodstained altar of Trog.
  4065 | D:6      | Reached skill level 9 in Axes
  4260 | D:6      | Noticed Edmund
  4276 | D:6      | Killed Edmund
  4420 | D:6      | Noticed Menkaure
  4433 | D:6      | Killed Menkaure
  4732 | D:7      | Found a glowing silver altar of Zin.
  4737 | D:7      | Found a sparkling altar of Nemelex Xobeh.
  4790 | D:7      | Found a transporter.
  4794 | D:7      | Noticed Flugslaktarn's ghost (novice MiFi)
  4806 | D:7      | Found a transporter.
  4831 | D:7      | Found a staircase to the Ecumenical Temple.
  5039 | D:7      | Found a shattered altar of Ashenzari.
  5380 | Temple   | Entered the Ecumenical Temple
  5469 | Temple   | Became a worshipper of Makhleb the Destroyer
  5707 | D:9      | Reached skill level 10 in Axes
  5707 | D:9      | Reached skill level 1 in Invocations
  5782 | D:9      | Paralysed by a hornet for 2 turns
  5787 | D:9      | Reached * piety under Makhleb
  5790 | D:9      | Paralysed by a hornet for 2 turns
  5801 | D:9      | Paralysed by a hornet for 1 turns
  5803 | D:9      | Reached XP level 10. HP: 30/92 MP: 5/5
  6008 | D:9      | Found a staircase to the Orcish Mines.
  6056 | D:9      | Reached ** piety under Makhleb
  6325 | D:9      | Noticed a deep elf mage
  6349 | D:9      | Killed a deep elf mage
  6353 | D:9      | Noticed a deep elf mage
  6386 | D:9      | Killed a deep elf mage
  6392 | D:9      | Got an ichor-stained hat
  6399 | D:9      | Identified the cursed -2 hat "Pufocwu" {Regen+ Dex+2} (You
                  | found it on level 9 of the Dungeon)
  6513 | D:9      | Identified a scroll of acquirement
  6515 | D:9      | Identified the +2 buckler of Zitot {rElec Stlth+} (You
                  | acquired it on level 9 of the Dungeon)
  6616 | Orc:1    | Entered Level 1 of the Orcish Mines
  6635 | Orc:1    | Reached skill level 11 in Axes
  6718 | Orc:2    | Entered Level 2 of the Orcish Mines
  6732 | Orc:2    | Noticed an orc sorcerer
  6738 | Orc:2    | Noticed an orc knight
  6744 | Orc:2    | Reached *** piety under Makhleb
  6744 | Orc:2    | Paralysed by an orc sorcerer for 7 turns
  6745 | Orc:2    | Slain by an orc warrior

Levels and vault maps discovered:
D:1:      heliophobic_arrival_battle_scene, layout_loops_ring
D:2:      layout_loops_corners, due_unseen_surprise, uniq_crazy_yiuf_cottage,
          uniq_robin
D:3:      layout_rooms, first_ration, kennysheep_small_spiral,
          chequers_arboretum, nemelex_altar_shiori, uniq_grinder
D:4:      layout_gridville, uniq_natasha
D:5:      layout_rooms, okawaru_ov_weapons_minmay, uniq_ijyb, uniq_eustachio
D:6:      layout_loops_corners, uniq_menkaure, uniq_edmund, uniq_pikel
D:7:      layout_basic, old_standard_altar, evilmike_ruin_ashenzari,
          grunt_temple_overflow_open, minmay_temple_entry_purple_smoke,
          gammafunk_ghost_stat_death
D:8:      layout_loops_corners, lemuel_coloured_pillars_altar, enter_ossuary_5
D:9:      layout_basic, orc_david_3, the_bakery, hangedman_minor_magic
Temple:   lightli_temple_of_artemis
Orc:1:    layout_diamond_mine
Orc:2:    st_orc_elflike, layout_caves

Skill      XL: |  1  2  3  4  5  6  7  8  9 10 |
---------------+-------------------------------+-----
Fighting       | 3 4 5 6 7 |  7.0
Axes           | 3 4 5 6 8 10 11 | 11.2
Armour         | 4 5 6 7 8 |  8.5
Shields        | 4 5 6 7 8 |  8.5
Invocations    | 1 4 |  4.5

Action                   |  1- 3 |  4- 6 |  7- 9 | 10-12 || total
-------------------------+-------+-------+-------+-------++-------
Melee: War axe           |    90 |    37 |       |       ||   127
       Hand axe          |       |    61 |   554 |   256 ||   871
 Abil: Heal Wounds       |       |     3 |    19 |     6 ||    28
  Use: Scroll            |       |       |     5 |    19 ||    24
       Potion            |       |       |     1 |       ||     1
  Eat: Chunk             |       |     4 |     8 |     1 ||    13
       Ration            |       |       |     2 |       ||     2
Armor: Scale mail        |    37 |       |       |       ||    37
       Plate armour      |    32 |    94 |   273 |   100 ||   499
Dodge: Dodged            |    29 |    28 |    79 |    39 ||   175
Block: Kite shield       |    59 |    69 |   301 |   104 ||   533

Table legend:
 A = Non-vault XP
 B = Vault XP
 C = Vault XP percentage of total XP
 D = Non-vault monster count
 E = Vault monster count
 F = Vault count percentage of total count
                 A         B        C        D         E       F
            +---------+---------+-------+---------+---------+-------
      Total |    5509 |    3859 |  41.2 |     172 |      54 |  23.9
            +---------+---------+-------+---------+---------+-------
        D:1 |      33 |       0 |   0.0 |      17 |       0 |   0.0
        D:2 |      21 |      41 |  66.1 |       8 |       1 |  11.1
        D:3 |      99 |     281 |  73.9 |      16 |       1 |   5.9
        D:4 |      99 |      35 |  26.1 |      12 |       1 |   7.7
        D:5 |     537 |     238 |  30.7 |       9 |       2 |  18.2
        D:6 |     742 |     979 |  56.9 |      19 |       3 |  13.6
        D:7 |     862 |       0 |   0.0 |      23 |       0 |   0.0
        D:8 |     233 |       0 |   0.0 |      11 |       0 |   0.0
        D:9 |    1889 |    1741 |  48.0 |      41 |      22 |  34.9
      Orc:1 |     448 |       0 |   0.0 |       9 |       0 |   0.0
      Orc:2 |     546 |       0 |   0.0 |       7 |       0 |   0.0
    Ossuary |       0 |     544 | 100.0 |       0 |      24 | 100.0
            +---------+---------+-------+---------+---------+-------
